 Dungeon Crawl Stone Soup version 0.29.1-13-g9f3cf754e1 (webtiles) character file.

Game seed: 4320206550303369128

39 KittyFluff the Trooper (level 3, -1/36 HPs)
             Began as a Gargoyle Berserker on Feb 5, 2023.
             Was a Believer of Trog.
             Slain by Terence
             ... wielding a +0 short sword
              (3 damage)
             ... on level 1 of the Dungeon.
             The game lasted 00:03:55 (1197 turns).

KittyFluff the Trooper (Gargoyle Berserker)         Turns: 1197, Time: 00:03:55

Health: -1/36      AC:  6    Str: 20    XL:     3   Next: 47%
Magic:  3/3        EV: 12    Int:  7    God:    Trog [**....]
Gold:   74         SH:  0    Dex: 11    Spells: 2/2 levels left

rFire   . . .      SeeInvis .   a - +0 mace
rCold   . . .      Faith    .   (no shield)
rNeg    + . .      Spirit   .   b - +0 animal skin
rPois   ∞          Reflect  .   (no helmet)
rElec   +          Harm     .   (no cloak)
rCorr   .          Rampage  .   j - +0 pair of gloves
Will    .....                   (no boots)
Stlth   ..........              (no amulet)
HPRegen 0.12/turn               (no ring)
MPRegen 0.08/turn               (no ring)

@: berserking, very quick
A: sickness immunity, AC +3, negative energy resistance 1, electricity
resistance, torment resistance 1, petrification resistance
a: Renounce Religion, Berserk, Trog's Hand


You were on level 1 of the Dungeon.
You worshipped Trog.
Trog was pleased with you.
You visited 1 branch of the dungeon, and saw 2 of its levels.

You collected 74 gold pieces.

Inventory:

Hand Weapons
 a - a +0 mace (weapon)
Missiles
 e - 17 stones (quivered)
Armour
 b - a +0 animal skin (worn)
 f - a +0 ring mail
 j - a +0 pair of gloves (worn)
Scrolls
 g - a scroll of teleportation {unknown}
 h - a scroll of poison {unknown}
 k - a scroll of vulnerability {unknown}
 m - a scroll of identify {unknown}
Potions
 c - a potion of cancellation {unknown}
 d - a potion of curing {unknown}
 i - a potion of mutation {unknown}
 l - a potion of degeneration {unknown}
 n - a potion of brilliance {unknown}


   Skills:
 + Level 3.7 Fighting
 + Level 3.6 Maces & Flails
 * Level 2.7 Armour
 + Level 1.8 Dodging


You had 2 spell levels left.
You didn't know any spells.
Your spell library was empty.

Dungeon Overview and Level Annotations

Branches:
Dungeon (2/15)

Altars:

Annotations:
D:1 Terence
D:2 Robin


Innate Abilities, Weirdness & Mutations

You are immune to sickness and miasma.
Your stone body is resilient. (AC +3)
You are immune to poison.
You resist negative energy. (rN+)
You are resistant to electric shocks. (rElec)
You are resistant to unholy torment.
You are immune to petrification.


Message History

There is a stone staircase leading up here.
Terence hits you with a +0 short sword. The goblin hits you with a +0 club. x2
Robin throws the goblin at you! The goblin closely misses you.
You climb upwards.
There is a stone staircase leading down here.
You see here a +0 club.
You hit Terence but do no damage. Terence closely misses you.
The goblin barely misses you.
You hit Terence but do no damage. Terence closely misses you.
The goblin hits you with a +0 club.
You hit Terence but do no damage. Terence hits you with a +0 short sword.
The goblin hits you with a +0 club.
You hit Terence.
Terence is lightly wounded.
Terence hits you with a +0 short sword.
* * * LOW HITPOINT WARNING * * *
The goblin closely misses you. Terence closely misses you.
The goblin barely misses you.
A red film seems to cover your vision as you go berserk!
You feel yourself moving faster!
You feel mighty! Terence closely misses you. The goblin completely misses you.
You barely miss Terence.
Terence is lightly wounded.
You hit Terence.
Terence is moderately wounded.
Terence misses you. The goblin hits you but does no damage.
You hit Terence but do no damage.
Terence is moderately wounded.
Terence hits you with a +0 short sword.
* * * LOW HITPOINT WARNING * * *
The goblin closely misses you.
You hit Terence.
Terence is heavily wounded.
Terence hits you with a +0 short sword.
* * * LOW HITPOINT WARNING * * *
The goblin barely misses you.
You hit Terence.
Terence is severely wounded.
Terence hits you with a +0 short sword.
You die...

....# #†#
#.# #.###
##.# #.#
....###..#
#.#
.....#..##
#.#
.......##
#.#
......##
#.#
......#
#g#
......#
#g#
......#
#@#
.....##
#@# ...###
#g#
...#..PPP
#.#
...#PP.P.
#.#
.#.#...PP
#.#
.#.#P...P
#.#
...#PP.♣
#.#
...#PPP..
#.#


You could see Terence and 3 goblins.

Vanquished Creatures
  3 ball pythons
  3 endoplasms (D:1)
  5 giant cockroaches (D:1)
  9 goblins
  2 hobgoblins (D:1)
  2 bats (D:1)
  A frilled lizard (D:1)
  5 kobolds (D:1)
  6 rats
36 creatures vanquished.

Notes
Turn   | Place    | Note
-------+----------+-------------------------------------------
     0 | D:1      | KittyFluff the Gargoyle Berserker began the quest for the
                  | Orb.
     0 | D:1      | Reached XP level 1. HP: 14/14 MP: 1/1
   155 | D:1      | Reached XP level 2. HP: 8/19 MP: 2/2
   404 | D:1      | Found a faded altar of an unknown god.
   813 | D:1      | Reached XP level 3. HP: 22/24 MP: 3/3
   885 | D:2      | Noticed Robin
  1039 | D:1      | Reached ** piety under Trog
  1136 | D:2      | Noticed Terence
  1197 | D:1      | Slain by Terence

Illustrated notes

Levels and vault maps discovered:
D:1:      minmay_arrival_arboretum_small, layout_rooms,
          ebering_ecumenical_altar_rust, minivault_26
D:2:      layout_rooms, basic_altar, eino_tiny_chamber, uniq_robin,
          uniq_terence, uniq_sigmund

Action                   || total
-------------------------++-------
Melee: Mace              ||   100
Invok: Berserk           ||     1
Armor: Animal skin       ||    50
Dodge: Dodged            ||    73
